 Dungeon Crawl Stone Soup version 0.25.0-46-gbd7b0854d2 (webtiles) character file.

Game seed: 2875438336284261906

2904 DerDa the Thaumaturge (level 9, -1/57 HPs)
             Began as a Mummy Wizard on July 16, 2020.
             Was an Initiate of Sif Muna.
             Slain by a hippogriff (3 damage)
             ... on level 8 of the Dungeon.
             The game lasted 00:28:17 (10834 turns).

DerDa the Thaumaturge (Mummy Wizard)               Turns: 10834, Time: 00:28:18

Health: -1/57      AC:  3    Str: 10    XL:     9   Next: 49%
Magic:  7/23       EV: 12    Int: 21    God:    Sif Muna [......]
Gold:   426        SH:  0    Dex: 10    Spells: 18/28 levels left

rFire    x x .     SeeInvis .   A - +4 halberd
rCold    + + .     Gourm    .   (shield currently unavailable)
rNeg     + + +     Faith    .   a - +0 robe
rPois    ∞         Spirit   .   b - +0 hat
rElec    .         Reflect  .   C - +1 cloak {MR+}
rCorr    +         Harm     .   (no gloves)
MR       ++...                  u - +2 pair of boots
Stlth    ++........             y - amulet of regeneration
HPRegen  0.59/turn              e - ring of ice
MPRegen  0.18/turn              w - ring of resist corrosion

@: corroded
A: no food or potions, fire vulnerability, cold resistance 1, negative energy
resistance 3, torment resistance, unbreathing
a: Renounce Religion


You were on level 8 of the Dungeon.
You worshipped Sif Muna.
Sif Muna was noncommittal.
You were not hungry.

You visited 2 branches of the dungeon, and saw 9 of its levels.

You collected 426 gold pieces.

Inventory:

Hand Weapons
 f - a +0 club
 j - a +0 whip
 x - a +0 dagger of venom
 A - a +4 halberd (weapon)
 D - a +4 quarterstaff of chaos
Missiles
 g - 90 bolts
 i - 204 stones
 q - 20 sling bullets
 v - 42 poisoned darts (quivered)
Armour
 a - a +0 robe (worn)
 b - a +0 hat (worn)
 u - a +2 pair of boots (worn)
 C - a +1 cloak of magic resistance (worn)
Jewellery
 e - a ring of ice (left hand)
 r - an uncursed ring of ice
 w - a ring of resist corrosion (right hand)
 y - an amulet of regeneration (around neck)
Wands
 s - a wand of digging (7)
 t - a wand of enslavement (11)
 B - a wand of paralysis (12)
 E - a wand of flame (14)
Scrolls
 c - 4 scrolls of fog
 d - 2 scrolls of blinking
 h - 2 scrolls of amnesia
 k - 3 scrolls of fear
 l - 3 scrolls of magic mapping
 m - a scroll of enchant weapon
 n - 2 scrolls of teleportation
 o - 5 scrolls of remove curse
 p - a scroll of identify
 z - a scroll of immolation


   Skills:
 - Level 1.5 Dodging
 - Level 1.5 Stealth
 * Level 10.1 Spellcasting
 * Level 6.5 Conjurations
 - Level 0.7 Summonings
 - Level 0.7 Translocations
 + Level 4.1 Air Magic
 + Level 4.0 Poison Magic


You had 18 spell levels left.
You knew the following spells:

 Your Spells              Type           Power        Failure   Level  Hunger
a - Magic Dart            Conj           ####         1%          1    N/A
b - Mephitic Cloud        Conj/Pois/Air  ####....     2%          3    N/A
c - Call Imp              Summ           ##......     7%          2    N/A
d - Slow                  Hex            ##......     10%         2    N/A
q - Blink                 Tloc           N/A          7%          2    N/A

Your spell library contained the following spells:

 Spells                   Type           Power        Failure   Level  Hunger
 Conjure Flame            Conj/Fire      ###.....     4%          3    N/A
 Dazzling Flash           Conj/Hex       ###...       4%          3    N/A
 Corona                   Hex            ##.....      6%          1    N/A
 Ensorcelled Hibernation  Hex/Ice        ###...       10%         2    N/A
 Confusing Touch          Hex            ##......     19%         3    N/A
 Tukima's Dance           Hex            ##......     19%         3    N/A

Dungeon Overview and Level Annotations

Branches:
Dungeon (8/15)             Temple (1/1) D:7            Lair (0/6) D:8

Altars:
Ashenzari
Cheibriados
Dithmenos
Elyvilon
Fedhas
Gozag
Hepliaklqana
Kikubaaqudgha
Makhleb
Nemelex Xobeh
Okawaru
Qazlal
Ru
Sif Muna
Trog
Uskayaw
Vehumet
Wu Jian
Yredelemnul
Zin


Innate Abilities, Weirdness & Mutations

You do not eat or drink.
Your flesh is vulnerable to fire.
You are immune to poison.
Your flesh is cold resistant. (rC+)
You are immune to negative energy. (rN+++)
You are immune to unholy pain and torment.
You can survive without breathing.


Message History

Sif Muna accepts your kill.
Casting: Magic Dart (safe; 1% risk of failure)
Confirm with . or Enter, or press ? or * to list all spells.
You don't know that spell.
You climb downwards.
The hippogriff bites the hornet.
The hippogriff pecks the hornet but does no damage.
The hippogriff completely misses the hornet.
The hornet barely misses you. The brown ugly thing punches you.
You are splashed with acid.
You resist.
The hippogriff bites the hornet but does no damage.
The hippogriff pecks the hornet.
The hippogriff claws the hornet.
There is a stone staircase leading up here.
The brown ugly thing punches you!
* * * LOW HITPOINT WARNING * * *
The acid corrodes you!
You are splashed with acid.
You resist.
* * * LOW HITPOINT WARNING * * *
The hornet barely misses you. The hippogriff bites you.
* * * LOW HITPOINT WARNING * * *
The hippogriff pecks you.
You die...

#.#...######.,,,***,******
#......§=....,,,,,,,,,,,,,
#.....######.,,,,,,,**,,,,
#.....######,,,,,,,,,,,,,,
#.....+....,,,,,,,,,,,,,,,
#.#...##.#**,,,,.,*,*,,,,,
#.#......# *,,...,*,*,,,,,
#.#.....H###...##**,*,,,,,
#.##.._.y@.h.....,,,,,,,,,
#.*#....u########**,******
#.*#.....# ****,#####*
#.*####### ****,,,,......
*,* ******,,,,,,,.F....
*,* *,,,,,,,*,,,,......
*,* *,,,,,,,*,,,,......
*,* *,,,,,,,********#..
*,* *,,,,,,,* #..


You could see a brown ugly thing, a hippogriff (confused), a hornet (confused)
and a black bear (confused).

Vanquished Creatures
  A spriggan (D:7)
  An orc warrior (D:7)
  An ice beast (D:7)
  2 necrophages (D:7)
  6 centaurs
  2 ogres (D:7)
  3 bullfrogs
  A scorpion (D:7)
  5 wights (D:6)
  2 howler monkeys
  5 crimson imps
  2 hounds
  3 bullfrog zombies
  2 bullfrog skeletons
  7 orc wizards
  Crazy Yiuf (D:6)
  A centaur skeleton (D:4)
  10 worker ants
  A worker ant zombie (D:7)
  8 adders
  9 gnolls
  2 shadow imps
  2 oozes (D:2)
  An adder zombie (D:6)
  An adder skeleton (D:3)
  5 worms
  6 dart slugs
  4 leopard geckos
  15 orcs
  3 giant cockroaches
  8 hobgoblins
  6 jackals
  5 kobolds
  4 quokkas
  A ball python (D:3)
  A ball python skeleton (D:4)
  9 bats
  4 frilled lizards
  8 goblins
  13 rats
  A fungus (D:6)
172 creatures vanquished.

Vanquished Creatures (collateral kills)
  A worker ant (D:7)
1 creature vanquished.

Vanquished Creatures (others)
  A bat (D:2)
1 creature vanquished.

Grand Total: 174 creatures vanquished

Notes
Turn   | Place    | Note
-------+----------+-------------------------------------------
     0 | D:1      | DerDa the Mummy Wizard began the quest for the Orb.
     0 | D:1      | Reached XP level 1. HP: 13/13 MP: 5/5
    20 | D:1      | Reached skill level 1 in Conjurations
   378 | D:1      | Reached XP level 2. HP: 19/19 MP: 2/7
   806 | D:1      | Reached XP level 3. HP: 24/24 MP: 3/9
   864 | D:1      | Learned a level 3 spell: Mephitic Cloud
   867 | D:1      | Learned a level 2 spell: Call Imp
   870 | D:1      | Learned a level 2 spell: Slow
   873 | D:1      | Learned a level 2 spell: Blink
  1592 | D:2      | Reached skill level 5 in Spellcasting
  1592 | D:2      | Reached XP level 4. HP: 30/30 MP: 2/11
  2035 | D:2      | Found a radiant altar of Vehumet.
  3555 | D:3      | Reached skill level 1 in Air Magic
  3673 | D:3      | Reached XP level 5. HP: 33/35 MP: 1/12
  4123 | D:3      | Reached skill level 1 in Poison Magic
  4993 | D:4      | Reached skill level 6 in Spellcasting
  4993 | D:4      | Reached XP level 6. HP: 19/41 MP: 4/15
  5182 | D:4      | Found an iron altar of Okawaru.
  5791 | D:4      | Found a stormy altar of Qazlal.
  5797 | D:4      | Found a blossoming altar of Fedhas.
  5943 | D:4      | Reached XP level 7. HP: 44/46 MP: 9/17
  6100 | D:5      | Entered Level 5 of the Dungeon
  6105 | D:5      | Found a shattered altar of Ashenzari.
  6105 | D:5      | Found a hazy altar of Hepliaklqana.
  6437 | D:5      | Reached skill level 7 in Spellcasting
  7322 | D:6      | Reached XP level 8. HP: 51/52 MP: 5/19
  7563 | D:6      | Reached skill level 8 in Spellcasting
  7742 | D:6      | Reached skill level 5 in Conjurations
  8539 | D:6      | Found a runed translucent door.
  8540 | D:6      | Noticed Crazy Yiuf
  8546 | D:6      | Killed Crazy Yiuf
  8759 | D:7      | Reached skill level 9 in Spellcasting
  9008 | D:7      | Reached XP level 9. HP: 55/57 MP: 15/22
  9283 | D:7      | Found a sparkling altar of Nemelex Xobeh.
  9283 | D:7      | Found a hide-covered altar of Uskayaw.
  9284 | D:7      | Found an ancient bone altar of Kikubaaqudgha.
  9496 | D:7      | Found a shadowy altar of Dithmenos.
 10379 | D:7      | Found a staircase to the Ecumenical Temple.
 10408 | Temple   | Entered the Ecumenical Temple
 10588 | Temple   | Became a worshipper of Sif Muna the Loreminder
 10664 | D:8      | Reached skill level 10 in Spellcasting
 10765 | D:8      | Found an iron altar of Okawaru.
 10816 | D:8      | Noticed a brown ugly thing
 10834 | D:8      | HP: 2/57 [hippogriff (6)]
 10834 | D:8      | Slain by a hippogriff

Illustrated notes

Levels and vault maps discovered:
D:1:      sevenhm_arrival_forest_fort_large_3, layout_rooms, serial_forest,
          infiniplex_forest_lined_2, infiniplex_forest_clump_diagonal,
          infiniplex_forest_lined_ring, infiniplex_forest_lined_1,
          infiniplex_forest_lined_corner, infiniplex_forest_straight_2,
          infiniplex_forest_zigzag_2, minmay_vboxes
D:2:      layout_basic, fiery_altar_vehumet, minmay_pentomino_r2
D:3:      layout_loops_ring, first_ration, minmay_divided_ellipse
D:4:      layout_basic, grunt_temple_overflow_forces_of_nature,
          okawaru_gym_becter, dk_noncrumbling_4, minmay_strange_pillars,
          grunt_ministairs_9
D:5:      layout_loops_cross, chequers_temple_overflow_statue_of_worship
D:6:      layout_cave_pools, uniq_crazy_yiuf_cottage
D:7:      minmay_inner_zag, layout_basic, gammafunk_temple_overflow_claw,
          grunt_dithmenos_smoke_and_mirrors, minmay_temple_entry_nine_rooms,
          the_bakery
D:8:      layout_basic, nicolae_overflow_hidden_temple, david_lair_shrubbed,
          basic_altar
Temple:   chequers_temple_sunken

Skill      XL: |  1  2  3  4  5  6  7  8  9 |
---------------+----------------------------+-----
Conjurations   | 1 2 3 4 5 6 |  6.5
Spellcasting   | 5 6 7 9 10 | 10.1
Air Magic      | 1 2 3 4 |  4.1
Poison Magic   | 1 2 3 4 |  4.0
Dodging        | |  1.5
Stealth        | |  1.5
Summonings     | |  0.7
Translocations | |  0.7

Action                   |  1- 3 |  4- 6 |  7- 9 || total
-------------------------+-------+-------+-------++-------
Melee: Unarmed           |    13 |       |       ||    13
       Club              |     8 |       |       ||     8
       Whip              |       |    34 |    32 ||    66
       Halberd           |       |       |    36 ||    36
 Cast: Magic Dart        |    71 |   267 |   372 ||   710
       Mephitic Cloud    |       |       |    26 ||    26
  Use: Scroll            |       |       |     9 ||     9
 Stab: Confused          |       |       |     1 ||     1
Armor: Robe              |     3 |    23 |    57 ||    83
Dodge: Dodged            |    12 |    93 |   122 ||   227
